AoeStats
← zaferyavuz12345678910

Arena

510267158Analyzed
1v1 RM · 2d ago on Sep 30, 2026· 46m 36s· 2 players
Game mode
Random Map
Map size
Tiny (2 player)
Population
200
Speed
Normal
Resources
Standard
Victory
Conquest
Starting age
Dark Age
Ending age
Imperial Age
RankedLock teamsTeams togetherTeam positionsShared explorationLock speedFull tech treeHidden civsTurbo modeCheats
Victory
Defeat
🇦🇺 Burgundians · Australia
665
+13
🇹🇷 Aztecs · Türkiye
602
-13
oatfarmer99
5:10 Double-Bit Axe
12:04 Feudal Age
11:07 Gold Mining
14:02 Loom
17:07 Castle Age
15:03 Horse Collar
17:21 Bow Saw
19:28 Wheelbarrow
20:52 Burgundian Vineyards
21:44 Gold Shaft Mining
22:09 Town Watch
23:35 Stone Mining
24:39 Hand Cart
28:14 Two-Man Saw
28:03 Town Patrol
30:23 Stone Shaft Mining
32:45 Imperial Age
32:05 Stone Shaft Mining
32:38 Scale Barding Armor
32:44 Forging
34:03 Two-Man Saw
32:57 Elite Coustillier
33:58 Conscription
33:47 Heavy Plow
37:04 Chain Barding Armor
38:08 Iron Casting
38:27 Husbandry
37:47 Light Cavalry
37:52 Cavalier
37:54 Light Cavalry
39:18 Paladin
39:24 Hussar
45:51 Plate Barding Armor
46:17 Blast Furnace
44:50 Man-at-Arms
44:51 Pikeman
45:32 Squires
zaferyavuz12345678910
11:11 Feudal Age
12:07 Double-Bit Axe
18:15 Castle Age
20:04 Wheelbarrow
19:36 Man-at-Arms
20:29 Stone Mining
24:53 Hand Cart
25:29 Bow Saw
25:03 Horse Collar
25:53 Gold Mining
25:38 Long Swordsman
25:42 Pikeman
27:22 Sanctity
27:16 Fervor
27:08 Crossbowman
29:00 Ballistics
30:05 Atonement
30:07 Herbal Medicine
30:58 Scale Mail Armor
32:36 Gold Shaft Mining
31:51 Town Watch
33:07 Redemption
37:12 Imperial Age
34:47 Heavy Plow
37:26 Elite Jaguar Warrior
38:29 Conscription
38:00 Gambesons
39:13 Block Printing
38:37 Arbalester
38:49 Two-Handed Swordsman
40:03 Forging
40:08 Chain Mail Armor
44:13 Eagle Warrior
Connection lost

Rejoining the realm…

Still unreachable

The connection could not be restored.

Session expired

The server has moved on; the page needs a fresh start.